 Dungeon Crawl Stone Soup version 0.29-a0-82-g837932c90e (webtiles) character file.

Game seed: 8393740338133489566

11449 lordive the Grappler (level 11, -4/101 HPs)
             Began as a Troll Warper on Feb 4, 2022.
             Was an Initiate of Cheibriados.
             Slain by a kobold brigand (8 damage)
             ... on level 8 of the Dungeon.
             The game lasted 00:19:51 (9849 turns).

lordive the Grappler (Troll Warper)                 Turns: 9849, Time: 00:19:52

Health: -4/101     AC: 11    Str: 22    XL:     11   Next: 49%
Magic:  12/12      EV: 13    Int: 14    God:    Cheibriados [......]
Gold:   691        SH:  5    Dex: 16    Spells: 2/12 levels left

rFire   . . .      SeeInvis .     - Unarmed
rCold   . . .      Faith    .   (no shield)
rNeg    . . .      Spirit   .   a - +0 robe
rPois   .          Reflect  +   B - +2 hat
rElec   .          Harm     .   C - +0 cloak
rCorr   .          Rampage  .   (gloves unavailable)
Will    .....                   (boots unavailable)
Stlth   +.........              d - amulet of reflection
HPRegen 1.06/turn               z - +4 ring of protection
MPRegen 0.13/turn               s - +6 ring of dexterity

@: lethally poisoned (-4 -> -6), on berserk cooldown, slowed, very slow
A: large, unfitting armour, claws 3, regeneration 1, shaggy fur 1, tough skin 1
a: Renounce Religion


You were on level 8 of the Dungeon.
You worshipped Cheibriados.
Cheibriados was noncommittal.
You visited 2 branches of the dungeon, and saw 11 of its levels.
You also visited: Ossuary.

You collected 691 gold pieces.

Inventory:

Missiles
 c - 5 boomerangs of dispersal (quivered)
 l - 4 throwing nets
 x - 4 boomerangs
Armour
 a - a +0 robe (worn)
 v - a +0 troll leather armour
 B - a +2 hat (worn)
 C - a +0 cloak (worn)
 E - +0 acid dragon scales
Jewellery
 d - an amulet of reflection (around neck)
 e - a ring of willpower
 n - a ring of fire
 s - a +6 ring of dexterity (right claw)
 z - a +4 ring of protection (left claw)
 A - a ring of magical power
 D - a ring of protection from fire
Wands
 q - a wand of paralysis (3)
 u - a wand of iceblast (8)
 F - a wand of acid (5)
Scrolls
 b - 3 scrolls of blinking
 i - 6 scrolls of teleportation
 j - 6 scrolls of identify
 o - 2 scrolls of magic mapping
 p - 4 scrolls of amnesia {unknown}
 t - 3 scrolls of summoning {unknown}
 y - 2 scrolls of noise {unknown}
Potions
 f - 2 potions of curing
 g - 5 potions of heal wounds
 h - a potion of lignification
 k - a potion of mutation
 m - 7 potions of attraction
 r - a potion of flight


   Skills:
 + Level 4.4 Fighting
 - Level 0.8 Throwing
 * Level 3.0 Armour
 + Level 6.9 Dodging
 + Level 2.9 Shields
 + Level 12.5 Unarmed Combat
 + Level 1.4 Spellcasting
 * Level 6.6 Translocations


You had 2 spell levels left.
You knew the following spells:

 Your Spells              Type           Power      Damage    Failure   Level
a - Blink                 Tloc           38%        N/A       2%          2
b - Teleport Other        Tloc           19%        N/A       4%          3
c - Manifold Assault      Tloc           19%        N/A       41%         5

Your spell library contained the following spells:

 Spells                   Type           Power      Damage    Failure   Level
 Apportation              Tloc           38%        N/A       1%          1
 Animate Skeleton         Necr           2%         N/A       26%         1
 Magic Dart               Conj           4%         1d3       26%         1
 Pain                     Necr           4%         1d4       26%         1
 Summon Small Mammal      Summ           4%         N/A       26%         1
 Call Imp                 Summ           1%         N/A       36%         2
 Gell's Gravitas          Tloc           19%        N/A       4%          3
 Lesser Beckoning         Tloc           19%        N/A       4%          3
 Mephitic Cloud           Conj/Pois/Air  1%         N/A       58%         3
 Vampiric Draining        Necr           1%         2d6       58%         3


Dungeon Overview and Level Annotations

Branches:
Dungeon (10/15)            Temple (1/1) D:4            Lair (0/6) D:8
Ossuary (visited)
    Orc: D:9-12

Altars:
Ashenzari
Cheibriados
Dithmenos
Elyvilon
Fedhas
Gozag
Hepliaklqana
Kikubaaqudgha
Makhleb
Nemelex Xobeh
Okawaru
Qazlal
Ru
Sif Muna
Trog
Uskayaw
Vehumet
Wu Jian
Xom
Yredelemnul
Zin
The Shining One
Beogh

Shops:
D:8 =[:(

Annotations:
D:8 2 transporters
D:10 2 transporters, freelancePsychic's ghost, journeyman VSBr


Innate Abilities, Weirdness & Mutations

You are too large for most types of armour.
You have claws for hands.
Your natural rate of healing is unusually fast.
You are covered in fur. (AC +1)
You have tough skin. (AC +1)


Message History

Cheibriados appreciates the change of pace.
You feel very sick. The kobold brigand closely misses you.
The kobold brigand zaps a wand.
You easily resist.
You barely miss the kobold brigand.
You feel sick. The kobold brigand misses you.
The kobold brigand throws a curare-tipped dart.
The curare-tipped dart hits you.
You are more poisoned.
You have difficulty breathing.
* * * LOW HITPOINT WARNING * * *
You feel as though you will be slow longer.
You completely miss the kobold brigand.
You feel very sick.
The kobold brigand hits you with a +1 rapier of venom!
* * * LOW HITPOINT WARNING * * *
You are lethally poisoned!
The kobold brigand hits you but does no damage.
You are more poisoned.
You feel better. You block the kobold brigand's attack.
The kobold brigand hits you but does no damage.
You are poisoned.
The kobold brigand closely misses you.
You mangle the kobold brigand!!
You kill the kobold brigand!
Cheibriados appreciates the change of pace.
You feel sick.
The kobold brigand hits you with a +1 rapier of venom!
* * * LOW HITPOINT WARNING * * *
You are more poisoned.
Your Armour skill increases to level 3!
You barely miss the kobold brigand.
You feel very sick. You block the kobold brigand's attack.
You claw the kobold brigand!
The kobold brigand is moderately wounded.
You feel very sick. The kobold brigand misses you.
The kobold brigand hits you with a +1 rapier of venom!
You die...

#...#....#.............#####...?
###+#............#####.'........
##..<............##(??###........
................##.....##..##....
................#≈.#.#.≈#..##....
................#⌠.#.#.⌠#...#....
..#'#############≈.#.#.≈#...'....
..#.........# ###.....##...#....
..#.........# #@##'''##....#....
###.........# ##)K.........####..
.##..######## #.........#..####..
.##..##########.#.......'.....#..
........................#.....#.)
.............##'##......#.....#..
###########..#...#......#########
#.)+...#.###### #..#...#.#


You could see a kobold brigand.

Vanquished Creatures
  Gastronok (D:8)
  Erica (D:9)
  A two-headed ogre (D:9)
  The ghost of testman the Abyss-Baptised, a novice FoAK of Lugonu (D:8)
  Pikel (D:4)
  The ghost of jfcaron the Skirmisher, a novice MiCA of Gozag (D:4)
  A kobold demonologist (D:8)
  2 hornets
  A shadow (D:5)
  Sigmund (D:1)
  2 wyverns
  13 yaks
  Menkaure (D:5)
  2 acid dragons
  4 water moccasins
  2 orc warriors
  A black bear (D:5)
  An ice beast (D:5)
  A sky beast (D:8)
  4 ogres
  2 centaurs
  The ghost of lordive the Magician, an amateur DjCj (D:3)
  9 kobold brigands
  A phantom (D:5)
  2 bullfrogs
  A gnoll sergeant (D:6)
  3 scorpions
  A wyvern zombie (D:6)
  A water moccasin zombie (D:5)
  3 water moccasin skeletons
  4 killer bees (D:9)
  6 howler monkeys
  3 centaur zombies
  A bullfrog zombie (D:5)
  2 human zombies (Ossuary)
  9 orc priests
  2 gnoll shamans
  2 hounds
  An iron imp (D:9)
  A bullfrog skeleton (D:3)
  2 iguanas
  5 orc wizards
  A killer bee zombie (D:7)
  3 hound zombies
  4 mummies (Ossuary)
  A howler monkey zombie (D:7)
  A howler monkey skeleton (D:6)
  5 adders
  20 gnolls
  A hound simulacrum (D:3)
  2 shadow imps
  A white imp (D:7)
  2 ufetubi
  An adder zombie (Ossuary)
  An adder skeleton (D:4)
  2 worms (D:3)
  3 adder simulacra (D:3)
  21 orcs
  3 bats
  4 endoplasms
  A giant cockroach (D:1)
  7 goblins
  7 hobgoblins
  14 kobolds
  4 quokkas
  6 ball pythons
  2 frilled lizards (D:3)
  A gnoll zombie (Ossuary)
  A goblin zombie (Ossuary)
  2 hobgoblin zombies (Ossuary)
  A jackal zombie (Ossuary)
  A kobold zombie (Ossuary)
  A quokka simulacrum (D:3)
  5 rats
  A rat zombie (Ossuary)
234 creatures vanquished.

Vanquished Creatures (others)
  3 fungi (D:8)
  A plant (D:8)
4 creatures vanquished.

Grand Total: 238 creatures vanquished

Notes
Turn   | Place    | Note
-------+----------+-------------------------------------------
     0 | D:1      | lordive the Troll Warper began the quest for the Orb.
     0 | D:1      | Reached XP level 1. HP: 19/19 MP: 1/1
   282 | D:1      | Reached XP level 2. HP: 27/27 MP: 2/2
  1056 | D:1      | Reached XP level 3. HP: 35/35 MP: 3/3
  1065 | D:1      | Learned a level 2 spell: Blink
  1297 | D:2      | Reached XP level 4. HP: 40/42 MP: 5/5
  1366 | D:2      | Noticed Sigmund
  1420 | D:1      | Killed Sigmund
  1421 | D:1      | Reached skill level 3 in Unarmed Combat
  1421 | D:1      | Reached XP level 5. HP: 20/49 MP: 6/6
  1681 | D:2      | Learned a level 3 spell: Teleport Other
  1806 | D:3      | Found a runed translucent gate.
  1806 | D:3      | Found a runed translucent gate.
  1806 | D:3      | Found a runed translucent gate.
  1862 | D:3      | Found a faded altar of an unknown god.
  1869 | D:3      | Reached XP level 6. HP: 45/57 MP: 7/7
  1884 | D:3      | Reached skill level 4 in Unarmed Combat
  2116 | D:3      | Noticed lordive's ghost (amateur DjCj)
  2204 | D:3      | Killed lordive's ghost
  2332 | D:4      | Noticed Pikel
  2357 | D:4      | Killed Pikel
  2358 | D:4      | Reached skill level 6 in Unarmed Combat
  2358 | D:4      | Reached XP level 7. HP: 49/66 MP: 8/8
  2383 | D:4      | Found a runed translucent door.
  2387 | D:4      | Noticed jfcaron's ghost (novice MiCA)
  2519 | D:4      | Killed jfcaron's ghost
  2520 | D:4      | Reached skill level 7 in Unarmed Combat
  2520 | D:4      | Reached XP level 8. HP: 40/74 MP: 9/9
  2560 | D:4      | Found a staircase to the Ecumenical Temple.
  2590 | Temple   | Entered the Ecumenical Temple
  3199 | D:5      | Entered Level 5 of the Dungeon
  3296 | D:5      | Noticed Menkaure
  3304 | D:5      | Killed Menkaure
  3305 | D:5      | Reached skill level 8 in Unarmed Combat
  3567 | D:5      | Reached XP level 9. HP: 80/81 MP: 10/10
  3744 | D:5      | Reached skill level 1 in Shields
  4107 | D:5      | Reached skill level 5 in Dodging
  4107 | D:5      | Reached skill level 9 in Unarmed Combat
  4380 | D:6      | Reached skill level 5 in Translocations
  4392 | D:6      | Learned a level 5 spell: Manifold Assault
  5125 | D:7      | Reached skill level 10 in Unarmed Combat
  5870 | D:8      | Found Cur Tuzurghuo's Antique Armour Emporium.
  5912 | D:8      | Reached XP level 10. HP: 85/92 MP: 11/11
  5924 | D:8      | Found a transporter.
  6043 | D:8      | Found Awad's Book Boutique.
  6225 | D:8      | Found Dosedidee's Weapon Boutique.
  6262 | D:8      | Noticed Gastronok
  6286 | D:8      | Killed Gastronok
  6349 | D:8      | Found a runed translucent gate.
  6350 | D:8      | Found a runed translucent gate.
  6351 | D:8      | Found a runed translucent gate.
  6351 | D:8      | Noticed testman's ghost (novice FoAK)
  6369 | D:8      | Found a sand-covered staircase.
  6375 | Ossuary  | Entered an ossuary
  6393 | Ossuary  | Reached skill level 11 in Unarmed Combat
  6652 | D:8      | Found a staircase to the Lair.
  6710 | D:8      | Found a transporter.
  6732 | D:8      | Found Seinehiro's Jewellery Shoppe.
  7244 | D:9      | Reached skill level 1 in Armour
  7479 | D:9      | Reached XP level 11. HP: 56/100 MP: 12/12
  7618 | D:9      | Noticed Erica
  7623 | D:9      | Killed Erica
  7792 | D:9      | Found a snail-covered altar of Cheibriados.
  7802 | D:9      | Became a worshipper of Cheibriados the Contemplative
  7902 | D:9      | Noticed a two-headed ogre
  7908 | D:9      | Killed a two-headed ogre
  7909 | D:9      | Reached skill level 12 in Unarmed Combat
  8820 | D:10     | Entered Level 10 of the Dungeon
  8964 | D:10     | Noticed freelancePsychic's ghost (journeyman VSBr)
  8964 | D:10     | Noticed a two-headed ogre
  8964 | D:10     | Noticed a two-headed ogre
  8965 | D:10     | Found a transporter.
  8965 | D:10     | Noticed a two-headed ogre
  8965 | D:10     | Noticed a two-headed ogre
  9149 | D:10     | Found a transporter.
  9150 | D:10     | Identified the +6 great mace of Pail {flame, Str+4 Stlth+}
  9150 | D:10     | Noticed a two-headed ogre
  9819 | D:8      | Killed testman's ghost
  9849 | D:8      | HP: 4/101 [poisoned by a kobold brigand]
  9849 | D:8      | Slain by a kobold brigand

Illustrated notes

Levels and vault maps discovered:
D:1:      dpeg_arrival_rhombi, layout_loops_corners, chequers_big_river,
          wad_floor_pattern_1
D:2:      layout_rooms, minivault_25, uniq_sigmund
D:3:      layout_basic, hellmonk_ecumenical_altar_arch_garden,
          gammafunk_ghost_icy, kennysheep_cross_room
D:4:      layout_rooms, minmay_temple_entry_slanted, ebering_ghost_sewer_d,
          minmay_misc_feat_pillars, grunt_ministairs_7, uniq_pikel
D:5:      layout_loops_corners, serial_rivers, chequers_serial_rivers_small_a,
          chequers_serial_rivers_large_a, chequers_serial_rivers_small_3,
          chequers_serial_rivers_small_a, uniq_menkaure
D:6:      layout_loops_ring
D:7:      layout_loops_ring
D:8:      gammafunk_cloud_chamber, layout_gridville, lair_entry_dummy,
          gammafunk_ghost_nasty_kobolds, serial_shops, shop,
          nicolae_diamond_shop, nicolae_shop_bloodbath_and_beyond, shop,
          enter_ossuary_2, uniq_gastronok
D:9:      layout_gridville, slow_altar_2, david_defended_altar_orc, uniq_erica
D:10:     layout_basic, gammafunk_ghost_smash, kennysheep_dice
Temple:   roderic_octagonal_lattice_temple

Skill      XL: |  1  2  3  4  5  6  7  8  9 10 11 |
---------------+----------------------------------+-----
Dodging        | 2 3 4 5 6 |  6.9
Fighting       | 2 3 4 |  4.4
Unarmed Combat | 3 6 7 8 10 11 12 | 12.5
Translocations | 3 4 5 6 |  6.6
Shields        | 1 2 |  2.9
Armour         | 1 3 |  3.0
Throwing       | |  0.8
Spellcasting   | |  1.4

Action                   |  1- 3 |  4- 6 |  7- 9 | 10-12 || total
-------------------------+-------+-------+-------+-------++-------
Melee: Unarmed           |   111 |   155 |   278 |   315 ||   859
       Punch             |     2 |     3 |    14 |    19 ||    38
 Cast: Teleport Other    |       |       |       |     1 ||     1
  Use: Scroll            |       |       |       |     9 ||     9
       Potion            |       |       |       |     6 ||     6
 Stab: Sleeping          |     2 |       |       |     2 ||     4
       Invisible         |       |       |       |     1 ||     1
Armor: Robe              |    60 |    38 |    46 |   111 ||   255
       Skin              |       |       |       |    13 ||    13
Dodge: Dodged            |   105 |    63 |   107 |   188 ||   463
Block: Other             |       |     1 |    42 |    78 ||   121
       Reflection        |       |       |       |     3 ||     3

Table legend: (Time is in decaauts)
 A = Elapsed time spent in this place.
 B = Non-inter-level travel time spent in this place.
 C = Inter-level travel time spent in this place.
 D = Time resting spent in this place.
 E = Time spent auto-exploring this place.
 F = Levels seen in this place.
 G = Mean time per level.
                   A        B        C        D        E       F      G
               +--------+--------+--------+--------+--------+-----+--------+
         Total |  10310 |   8899 |   1411 |    231 |   6604 |  12 |  859.2 |
       Dungeon |   9827 |   8440 |   1387 |    231 |   6269 |  10 |  982.7 |
        Temple |    290 |    267 |     23 |      0 |    246 |   1 |  290.0 |
       Ossuary |    192 |    192 |      0 |      0 |     89 |   1 |  192.0 |
               +--------+--------+--------+--------+--------+-----+--------+

Top non-repeatable levels by time:
     D:9: 1433 daAuts
     D:8: 1251 daAuts
     D:5: 1187 daAuts
     D:1: 1124 daAuts
    D:10: 1075 daAuts
     D:6: 963 daAuts
     D:7: 827 daAuts
     D:4: 726 daAuts
     D:2: 624 daAuts
     D:3: 613 daAuts
  Temple: 290 daAuts
 Ossuary: 192 daAuts
